 Dungeon Crawl Stone Soup version 0.28-a0-1236-gb25a51b929 (webtiles) character file.

Game seed: 7399369766627503820

62 croobank the Gusty (level 4, -3/30 HPs)
             Began as a Human Air Elementalist on Dec 25, 2021.
             Slain by an orc (6 damage)
             ... on level 4 of the Dungeon.
             The game lasted 00:10:41 (1441 turns).

croobank the Gusty (Human Air Elementalist)         Turns: 1441, Time: 00:10:42

Health: -3/30      AC:  2    Str:  7 (10) XL:     4   Next: 28%
Magic:  2/7        EV: 12    Int: 13 (16) God:
Gold:   53         SH:  0    Dex: 10 (13) Spells: 1/7 levels left

rFire   . . .      SeeInvis .   d - +0 dagger
rCold   . . .      Faith    .   (no shield)
rNeg    . . .      Spirit   .   a - +0 robe
rPois   .          Reflect  .   (no helmet)
rElec   .          Harm     .   (no cloak)
rCorr   .          Rampage  .   (no gloves)
Will    .....                   (no boots)
Stlth   ++........              (no amulet)
HPRegen 0.10/turn               (no ring)
MPRegen 0.10/turn               (no ring)

@: no status effects
A: no striking features
a: no special abilities


You were on level 4 of the Dungeon.
You visited 1 branch of the dungeon, and saw 4 of its levels.

You collected 53 gold pieces.

Inventory:

Hand Weapons
 d - a +0 dagger (weapon)
 f - a +0 spear
 g - a +0 mace
Armour
 a - a +0 robe (worn)
 e - a +0 buckler
Jewellery
 h - an amulet of regeneration


   Skills:
 + Level 2.5 Dodging
 + Level 2.7 Stealth
 + Level 2.4 Spellcasting
 + Level 1.8 Conjurations
 + Level 3.4 Air Magic


You had one spell level left.
You knew the following spells:

 Your Spells              Type           Power      Damage    Failure   Level
a - Shock                 Conj/Air       32%        1d5       9%          1
b - Static Discharge      Conj/Air       8%         N/A       13%         2
c - Swiftness             Air            10%        N/A       19%         3

Your spell library contained the following spells:

 Spells                   Type           Power      Damage    Failure   Level
 Mephitic Cloud           Conj/Pois/Air  6%         N/A       34%         3
 Airstrike                Air            5%         N/A       52%         4
 Ignite Poison            Fire/Tmut/Pois 1%         N/A       58%         3
 Freezing Cloud           Conj/Ice/Air   3%         6-21      97%         5


Dungeon Overview and Level Annotations

Branches:
Dungeon (4/15)
 Temple: D:4-7

Altars:

Annotations:
D:2 Sigmund


Message History

You barely miss the orc.
The orc is severely wounded.
The orc closely misses you.
You hit the orc but do no damage.
The orc is severely wounded.
The orc hits you with a +0 mace.
* * * LOW HITPOINT WARNING * * *
The orc hits you but does no damage. The orc barely misses you.
You start to feel a little faster.
The orc priest looks braver for a moment.
The orc closely misses you.
The orc priest calls upon Beogh to heal something.
The orc barely misses you.
An orc comes into view. It is wielding a +0 club.
You no longer feel sluggish.
The orc barely misses you.
Found a stone staircase leading down.
There is a stone staircase leading down here.
The orc hits you with a +0 mace.
* * * LOW HITPOINT WARNING * * *
You climb downwards.
There is a stone staircase leading up here.
Casting: Shock (safe; 7% risk of failure)
Confirm with . or Enter, or press ? or * to list all spells.
Aiming: Shock (safe; 7% risk of failure)
Press: ? - help, Shift-Dir - straight line, f - orc
Aim: an orc, wielding a +0 mace and wearing a +0 chain mail (heavily wounded, 77% to hit)
The zap hits the orc but does no damage.
The orc is heavily wounded.
The orc hits you with a +0 mace.
* * * LOW HITPOINT WARNING * * *
It was a potion of degeneration.
There was something very wrong with that liquid.
You feel weakened.
You feel dopey.
You feel clumsy. The orc misses you.
As you read the scroll labelled BYMIF WIETYCU, it crumbles to dust.
You feel aware of your surroundings.
It was a scroll of magic mapping.
The orc hits you with a +0 mace.
You die...

*** *** *,* *,* **************
***,***,* *,,,,,,,,,,,,*
****,,,,,,,, ***********#,*
*,**,*,**,,,
*********#####.#######.#*,*,**,,*
,,,,,,,,,.......@o......,,,,,,,,*
******,**###.#.###.##..#*,*,*,,,*
,,,,,,,,,,,,..,,,,,..,,,,,,,,,,,,
******,,,,...,,,,,,,...,,,,,,,,,,
*,,,...,,,,,,,,,...,,,,,,,,,
****##,,*,,,,,,,,..,,,,,,,,*
*,,,**,,*,***,,*,,#*,*,*,,,*
*,,,**,,*,* *,,*,,,*,,,,,,,,
*,,,,,,,,,* *,,*,,,*,,,,,,,,


You could see an orc.

Vanquished Creatures
  4 gnolls (D:3)
  An orc (D:3)
  3 endoplasms
  4 goblins
  2 hobgoblins
  A quokka (D:1)
  A frilled lizard (D:2)
  2 kobolds (D:3)
  4 rats
22 creatures vanquished.

Vanquished Creatures (collateral kills)
  A goblin (D:2)
  A rat (D:2)
2 creatures vanquished.

Grand Total: 24 creatures vanquished

Notes
Turn   | Place    | Note
-------+----------+-------------------------------------------
     0 | D:1      | croobank the Human Air Elementalist began the quest for the
                  | Orb.
     0 | D:1      | Reached XP level 1. HP: 13/13 MP: 3/3
   263 | D:1      | Reached XP level 2. HP: 19/19 MP: 1/5
   353 | D:1      | Learned a level 2 spell: Static Discharge
   887 | D:2      | Noticed Sigmund
   966 | D:3      | Reached XP level 3. HP: 24/24 MP: 0/6
  1242 | D:3      | Reached XP level 4. HP: 30/30 MP: 0/7
  1321 | D:3      | Learned a level 3 spell: Swiftness
  1441 | D:4      | Slain by an orc

Illustrated notes

Levels and vault maps discovered:
D:1:      heliophobic_arrival_glass_houses, layout_rooms, grunt_decor_clamped,
          ebering_dispersal_statue_hall
D:2:      layout_rooms, nicolae_ecumenical_snake_handling, uniq_sigmund
D:3:      layout_loops_ring, lemuel_doored_altar
D:4:      layout_basic, gammafunk_ghost_nasty_kobolds

Action                   |  1- 3 |  4- 6 || total
-------------------------+-------+-------++-------
Melee: Dagger            |    15 |    11 ||    26
 Cast: Shock             |    37 |     9 ||    46
       Swiftness         |       |     1 ||     1
  Use: Scroll            |     2 |     1 ||     3
       Potion            |       |     1 ||     1
Armor: Robe              |     3 |     1 ||     4
Dodge: Dodged            |    20 |    10 ||    30

Table legend: (Time is in decaauts)
 A = Elapsed time spent in this place.
 B = Non-inter-level travel time spent in this place.
 C = Inter-level travel time spent in this place.
 D = Time resting spent in this place.
 E = Time spent auto-exploring this place.
 F = Levels seen in this place.
 G = Mean time per level.
                   A        B        C        D        E       F      G
               +--------+--------+--------+--------+--------+-----+--------+
         Total |   1444 |   1416 |     28 |    383 |    643 |   4 |  361.0 |
       Dungeon |   1444 |   1416 |     28 |    383 |    643 |   4 |  361.0 |
               +--------+--------+--------+--------+--------+-----+--------+

Top non-repeatable levels by time:
     D:1: 757 daAuts
     D:3: 503 daAuts
     D:2: 180 daAuts
     D:4: 2 daAuts
